 Dungeon Crawl Stone Soup version 0.16-a0-3933-g06ce5c0 (webtiles) character file.

385 timbw the Chopper (level 7, -6/78 HPs)
             Began as a Human Berserker on Feb 5, 2015.
             Was a Believer of Trog.
             Mangled by a cyan ugly thing (14 damage)
             ... on level 7 of the Dungeon.
             The game lasted 00:03:40 (632 turns).

timbw the Chopper (Human Berserker)                  Turns: 632, Time: 00:03:40

Health: -6/78      AC: 10    Str: 24    XL:     7   Next: 6%
Magic:  7/7        EV:  7    Int:  8    God:    Trog [**....]
Gold:   53         SH:  0    Dex: 12    Spells: 0 memorised, 6 levels left

rFire  . . .     SeeInvis .     m - +0 war axe (curse)
rCold  . . .     Clarity  .     n - +0 plate armour
rNeg   . . .     SustAb   .     (no shield)
rPois  .         Gourm    .     (no helmet)
rElec  .         Spirit   .     (no cloak)
rCorr  .         Warding  .     (no gloves)
rMut   .         Stasis   .     (no boots)
MR     .....                    (no amulet)
Stlth  ..........               (no ring)
                                (no ring)

@: berserking (expiring), lethally poisoned (-6 -> -10), very quick, not
resistant to hostile enchantments, extremely unstealthy
A: no striking features
a: Burn Spellbooks, Berserk, Trog's Hand, Renounce Religion


You were on level 7 of the Dungeon.
You worshipped Trog.
Trog was pleased with you.
You were not hungry.

You visited 1 branch of the dungeon, and saw 7 of its levels.

You collected 53 gold pieces.

Inventory:

Hand weapons
 a - a +0 hand axe
 m - a cursed +0 war axe (weapon)
Armour
 b - a +0 animal skin
 j - a +0 ring mail
 n - a +0 plate armour (worn)
Scrolls
 e - 2 scrolls of teleportation {unknown}
 f - 2 scrolls of enchant armour {unknown}
 g - 2 scrolls of identify {unknown}
 h - a scroll of remove curse {unknown}
 l - a scroll of magic mapping {unknown}
Potions
 i - a potion of cancellation {unknown}
Comestibles
 c - 2 bread rations
 d - 2 fruits
 k - 4 chunks of flesh


   Skills:
 - Level 3.0 Fighting
 + Level 7.4 Axes
 - Level 2.0 Armour
 - Level 2.0 Dodging


You had 6 spell levels left.
You didn't know any spells.

Dungeon Overview and Level Annotations

Branches:
Dungeon (7/15)
 Temple: D:4-7

Altars:


Message History

The cyan ugly thing is almost dead.
You closely miss the cyan ugly thing.
The cyan ugly thing is almost dead.
You slash the worker ant!
The worker ant is severely wounded.
The worker ant bites you.
* * * LOW HITPOINT WARNING * * *
You are poisoned.
The worker ant poisons you!
The cyan ugly thing claws you but does no damage.
You closely miss the cyan ugly thing.
The cyan ugly thing is almost dead.
Your plate armour prevents you from hitting the worker ant.
The worker ant is severely wounded.
You feel sick. The worker ant bites you.
* * * LOW HITPOINT WARNING * * *
The cyan ugly thing claws you!
* * * LOW HITPOINT WARNING * * *
The cyan ugly thing shocks you!
You die...

.## .... #..#
.... #..# #..#
#..# #au# #.@#
#..# #..#
#..###. #..#..
#..#.#
#########..#.#
....)........#
#########....#


You could see a cyan ugly thing and a worker ant.

Vanquished Creatures
  An orc warrior (D:6)
  An ogre (D:4)
  3 orc priests
  A hound (D:4)
  An orc wizard (D:7)
  A worker ant (D:4)
  An adder (D:6)
  6 orcs
  2 goblins
  3 hobgoblins
  6 jackals
  3 bats
  2 giant newts (D:3)
  2 rats
33 creatures vanquished.

Notes
Turn   | Place    | Note
--------------------------------------------------------------
     0 | D:1      | timbw, the Human Berserker, began the quest for the Orb.
     0 | D:1      | Reached XP level 1. HP: 18/18 MP: 1/1
   177 | D:3      | Reached XP level 2. HP: 13/24 MP: 2/2
   255 | D:4      | Reached skill level 4 in Axes
   255 | D:4      | Reached XP level 3. HP: 22/29 MP: 3/3
   255 | D:4      | Reached XP level 4. HP: 26/35 MP: 4/4
   258 | D:4      | Acquired Trog's second power
   260 | D:4      | Reached skill level 5 in Axes
   271 | D:4      | Reached XP level 5. HP: 28/41 MP: 5/5
   312 | D:4      | Noticed an ogre
   319 | D:4      | Killed an ogre
   319 | D:4      | Reached skill level 6 in Axes
   319 | D:4      | Reached XP level 6. HP: 10/47 MP: 6/6
   350 | D:5      | Entered Level 5 of the Dungeon
   478 | D:6      | Noticed an orc warrior
   491 | D:6      | Killed an orc warrior
   491 | D:6      | Reached skill level 7 in Axes
   573 | D:7      | Reached XP level 7. HP: 51/52 MP: 7/7
   617 | D:7      | Noticed a cyan ugly thing
   632 | D:7      | Mangled by a cyan ugly thing

Action                   |  1- 3 |  4- 6 |  7- 9 || total
-------------------------+-------+-------+-------++-------
Melee: Hand axe          |    41 |    38 |       ||    79
       War axe           |       |    19 |    11 ||    30
Invok: Berserk           |     1 |     3 |     1 ||     5
       Trog's Hand       |       |     3 |       ||     3
  Eat: Chunk             |       |     3 |     1 ||     4
